 Dungeon Crawl Stone Soup version 0.29.1-1-gd02db6906a (webtiles) character file.

Game seed: 11069956299713836342

667 concernfroge the Fighter (level 7, -2/63 HPs)
             Began as a Mummy Monk on Sept 18, 2022.
             Shot with a sling bullet by Joseph (12 damage)
             ... on level 7 of the Dungeon.
             The game lasted 00:13:01 (5004 turns).

concernfroge the Fighter (Mummy Monk)               Turns: 5004, Time: 00:13:02

Health: -2/63      AC:  7    Str: 16    XL:     7   Next: 31%
Magic:  7/7        EV:  6    Int: 10    God:
Gold:   1363       SH: 12    Dex: 20    Spells: 3/6 levels left

rFire   x . .      SeeInvis +   i - +0 war axe
rCold   + . .      Faith    .   e - +0 tower shield
rNeg    + + +      Spirit   .   d - +1 scale mail
rPois   ∞          Reflect  .   (no helmet)
rElec   .          Harm     .   (no cloak)
rCorr   .          Rampage  .   (no gloves)
Will    .....                   (no boots)
Stlth   +.........              (no amulet)
HPRegen 0.20/turn               s - ring of see invisible
MPRegen 0.10/turn               c - +6 ring of dexterity

@: weak-willed
A: cold resistance 1, negative energy resistance 3, torment resistance 2, heat
vulnerability 1, in touch with death 1, no potions
a: no special abilities


You were on level 7 of the Dungeon.
You visited 1 branch of the dungeon, and saw 7 of its levels.

You collected 1363 gold pieces.

Inventory:

Hand Weapons
 i - a +0 war axe (weapon)
Missiles
 p - 3 boomerangs
Armour
 d - a +1 scale mail (worn)
 e - a +0 tower shield (worn)
Jewellery
 c - a +6 ring of dexterity (right hand)
 h - a +4 ring of evasion
 s - a ring of see invisible (left hand)
Wands
 o - a wand of digging (4)
Scrolls
 b - a scroll of identify
 g - 3 scrolls of immolation
 m - a scroll of amnesia
 n - a scroll of fog


   Skills:
 + Level 8.6 Fighting
 - Level 2.4 Polearms
 - Level 2.4 Dodging
 - Level 1.5 Stealth


You had 3 spell levels left.
You knew the following spells:

 Your Spells              Type           Power      Damage    Failure   Level
a - Teleport Other        Tloc           0%         N/A       100%        3

Your spell library contained the following spells:

 Spells                   Type           Power      Damage    Failure   Level
 Gell's Gravitas          Tloc           0%         N/A       100%        3
 Dispersal                Tloc           0%         N/A       100%        6


Dungeon Overview and Level Annotations

Branches:
Dungeon (7/15)
 Temple: D:4-7

Altars:
Ashenzari

Annotations:
D:7 Joseph


Innate Abilities, Weirdness & Mutations

You are immune to poison.
Your flesh is cold resistant. (rC+)
You are immune to negative energy. (rN+++)
You are immune to unholy pain and torment.
You are vulnerable to heat. (rF-)
You are in touch with the powers of death.
You do not drink.


Message History

Joseph hits you with a +0 quarterstaff!
Aiming: Mindburst
Press: ? - help, Q - select action, (/) - cycle Shift-Dir - straight line, f/p - Joseph
Aim: Joseph, wielding a +0 quarterstaff and wearing a +0 leather armour (moderately wounded, weak-willed, chance to affect: 64%) Joseph's mind is blasted!
Joseph hits you with a +0 quarterstaff!
* * * LOW HITPOINT WARNING * * *
As you read the scroll of fear, it crumbles to dust.
You assume a fearsome visage.
Joseph looks frightened!
Aiming: Mindburst
Press: ? - help, Q - select action, (/) - cycle Shift-Dir - straight line, f/p - Joseph
Aim: Joseph, wielding a +0 quarterstaff and wearing a +0 leather armour (heavily wounded, fleeing, weak-willed, chance to affect: 64%)
Your attack snaps Joseph out of his fear.
Joseph struggles to resist.
Joseph shouts, "At last, some action!"
Aiming: Mindburst
Press: ? - help, Q - select action, (/) - cycle Shift-Dir - straight line, f/p - Joseph
Aim: Joseph, wielding a +0 quarterstaff and wearing a +0 leather armour (heavily wounded, weak-willed, chance to affect: 64%) Joseph struggles to resist.
Joseph unwields a +0 quarterstaff.
Joseph wields a +0 sling.
Joseph shoots a sling bullet.
The sling bullet barely misses you.
Aiming: Mindburst
Press: ? - help, Q - select action, (/) - cycle Shift-Dir - straight line, f/p - Joseph
Aim: Joseph, wielding a +0 sling and wearing a +0 leather armour (heavily wounded, weak-willed, chance to affect: 64%) Joseph's mind is blasted!
Aiming: Mindburst
Press: ? - help, Q - select action, (/) - cycle Shift-Dir - straight line, f/p - Joseph
Aim: Joseph, wielding a +0 sling and wearing a +0 leather armour (heavily wounded, weak-willed, chance to affect: 64%) Joseph's mind is blasted!
The now-empty wand crumbles to dust.
Joseph shoots a sling bullet.
The sling bullet hits you.
* * * LOW HITPOINT WARNING * * *
As you read the scroll of fog, it crumbles to dust.
The scroll dissolves into smoke.
Joseph shoots a sling bullet.
The sling bullet barely misses you.
Joseph shoots a sling bullet.
You block the sling bullet.
Joseph shoots a sling bullet.
The sling bullet hits you.
* * * LOW HITPOINT WARNING * * *
There is a stone staircase leading up here.
Joseph shoots a sling bullet.
The sling bullet hits you!
You die...

#.##§##.#####..# #.
#.##@##.....#### # #
#..............###.#
####.......#.......#
###......##.#.....#
.............(.##.##
#.####........#.# #
##.!.#...#.##
###@...<.....
###...##### #...#
#..... #....##
....... .....[..
.......


You could see Joseph (weak-willed).

Vanquished Creatures
  Menkaure (D:7)
  3 wights (D:6)
  A jelly (D:5)
  An orc priest (D:4)
  Jessica (D:3)
  4 adders
  2 ufetubi
  2 dart slugs
  7 orcs
  7 ball pythons
  8 bats
  10 endoplasms
  7 giant cockroaches
  6 goblins
  11 hobgoblins
  5 jackals (D:1)
  4 quokkas
  A frilled lizard (D:1)
  7 kobolds
  14 rats
102 creatures vanquished.

Vanquished Creatures (collateral kills)
  2 ogres (D:4)
2 creatures vanquished.

Vanquished Creatures (others)
  2 fungi (D:3)
  6 plants (D:3)
8 creatures vanquished.

Grand Total: 112 creatures vanquished

Notes
Turn   | Place    | Note
-------+----------+-------------------------------------------
     0 | D:1      | concernfroge the Mummy Monk began the quest for the Orb.
     0 | D:1      | Reached XP level 1. HP: 18/18 MP: 1/1
   231 | D:1      | Reached XP level 2. HP: 19/24 MP: 2/2
   608 | D:1      | Reached skill level 4 in Fighting
   809 | D:1      | Gained mutation: You are in touch with the powers of death.
                  | [Mummy growth]
   809 | D:1      | Reached XP level 3. HP: 20/30 MP: 3/3
  2198 | D:3      | Reached XP level 4. HP: 38/38 MP: 4/4
  2395 | D:3      | Found a faded altar of an unknown god.
  2409 | D:3      | Reached skill level 5 in Fighting
  2419 | D:3      | Noticed Jessica
  2555 | D:3      | Killed Jessica
  2622 | D:3      | Learned a level 3 spell: Teleport Other
  3210 | D:3      | Reached XP level 5. HP: 46/46 MP: 5/5
  3416 | D:4      | Noticed an ogre
  3425 | D:4      | Killed an ogre
  3426 | D:4      | Reached skill level 6 in Fighting
  3594 | D:4      | Noticed an ogre
  3601 | D:4      | Killed an ogre
  3602 | D:4      | Reached skill level 7 in Fighting
  3602 | D:4      | Reached XP level 6. HP: 33/55 MP: 6/6
  3829 | D:4      | Found a broken altar of Ashenzari.
  3941 | D:4      | Identified a scroll of acquirement
  3941 | D:4      | Acquired 1066 gold pieces
  4287 | D:5      | Entered Level 5 of the Dungeon
  4420 | D:5      | Noticed an ice beast
  4495 | D:6      | Reached skill level 8 in Fighting
  4496 | D:6      | Reached XP level 7. HP: 13/62 MP: 7/7
  4784 | D:7      | Noticed Menkaure
  4786 | D:7      | Killed Menkaure
  4969 | D:7      | Noticed Joseph
  5004 | D:7      | Shot with a sling bullet by Joseph

Illustrated notes

Levels and vault maps discovered:
D:1:      lemuel_arrival_cross, layout_loops_ring, hangedman_feature_mirror
D:2:      layout_rooms
D:3:      kennysheep_six_static_rooms, layout_loops_corners,
          shapermc_ecumenical_altar_gd, amcnicky_mini_corridor_feature,
          uniq_jessica
D:4:      layout_gridville, mainiacjoe_overflow_tiny_flanked
D:5:      layout_rooms, hex_intersection, minmay_misc_feat_ornament,
          grunt_decor_cap
D:6:      layout_cave_pools
D:7:      layout_loops_cross, minmay_temple_entry_waves, uniq_maggie,
          uniq_duvessa, uniq_joseph, uniq_menkaure

Skill      XL: |  1  2  3  4  5  6 |
---------------+-------------------+-----
Fighting       | 4 5 7 8 |  8.6
Polearms       | |  2.4
Dodging        | |  2.4
Stealth        | |  1.5

Action                   |  1- 3 |  4- 6 |  7- 9 || total
-------------------------+-------+-------+-------++-------
Melee: Spear             |   209 |    39 |       ||   248
       Punch             |     2 |     3 |     1 ||     6
       War axe           |       |   131 |    19 ||   150
Throw: Boomerang         |       |    11 |       ||    11
Evoke: Wand              |       |       |     8 ||     8
  Use: Scroll            |       |     9 |     8 ||    17
 Stab: Sleeping          |     5 |       |       ||     5
Armor: Robe              |     9 |       |       ||     9
       Scale mail        |    47 |    66 |    11 ||   124
Dodge: Dodged            |    95 |   155 |    45 ||   295
Block: Tower shield      |       |       |     4 ||     4
